Map: Ulrena

Players

PablosCruise - Winner!

  • Race: Protoss Protoss
  • League: Bronze

juhyg

  • Race: Zerg Zerg
  • League: Bronze

VOD

Have the link to the VOD?

Description

Time

  • Played on: Nov. 19, 2015, 7:24 p.m.
  • Length: 7:45
Show
View Real Time Build Order
Export as new Build Order

PablosCruise Protoss - Winner!

Build Orders:  

Get SALT Encoding   

  12  0:02  Probe (Chrono Boost)  
  13  0:16  Probe (Chrono Boost)  
  14  0:21  Pylon  
  14  0:28  Probe (Chrono Boost)  
  15  0:40  Probe (Chrono Boost)  
  16  0:50  Probe (Chrono Boost)  
  18  1:07  Nexus  
  17  1:12  Gateway  
  17  1:13  Probe (Chrono Boost)  
  18  1:21  Assimilator  
  18  1:24  Probe (Chrono Boost)  
  19  1:38  Probe (Chrono Boost)  
  20  1:48  Probe (Chrono Boost)  
  21  1:56  Pylon  
  21  1:59  Probe (Chrono Boost)  
  21  2:01  Assimilator  
  22  2:04  Cybernetics Core  
  23  2:15  Probe (Chrono Boost)  
  23  2:32  Probe (Chrono Boost)  
  23  2:34  Probe (Chrono Boost)  
  25  2:39  Warp Gate (Chrono Boost)  
  25  2:43  Probe  
  26  2:48  Twilight Council  
  26  2:57  Probe  
  26  2:58  Probe  
  26  2:59  Robotics Facility  
  28  3:08  Probe  
  28  3:11  Probe  
  30  3:18  Probe  
  30  3:23  Probe  
  31  3:27  Adept  
  33  3:34  Gateway x2  
  33  3:37  Gateway  
  33  3:38  Gateway  
  33  3:40  Resonating Glaives (Chrono Boost)  
  33  3:41  Probe  
  33  3:43  Probe  
  35  3:50  Pylon  
  35  3:52  Probe  
  35  3:55  Probe  
  37  4:02  Probe, Sentry  
  39  4:05  Immortal  
  39  4:07  Probe  
  45  4:15  Probe  
  46  4:39  Gateway  
  46  4:41  Gateway  
  46  4:45  Probe x2  
  48  4:50  Gateway  
  48  4:51  Adept  
  48  4:52  Assimilator, Adept  
  52  4:53  Adept  
  52  4:54  Assimilator  
  54  5:04  Pylon  
  54  5:20  Immortal  
  54  5:22  Probe x2  
  60  5:35  Probe (Chrono Boost)  
  61  5:36  Pylon  
  61  5:39  Pylon, Probe (Chrono Boost)  
  61  5:41  Pylon  
  62  5:54  Nexus  
  62  5:56  Probe (Chrono Boost)  
  63  6:01  Adept x4  
  63  6:02  Adept x4  
  78  6:16  Pylon  
  78  6:19  Pylon  
  78  6:33  Pylon  
  78  6:53  Adept x5  
  78  6:54  Adept x3  
  92  7:14  Stalker  
  92  7:15  Stalker x4  
  102  7:16  Stalker x2  
  104  7:25  Probe x2 (Chrono Boost)  
  104  7:27  Probe (Chrono Boost)  
  107  7:33  Forge  
  107  7:36  Forge  
  108  7:40  Stalker  
  108  7:41  Stalker  
  108  7:45  Stalker  
Show
View Real Time Build Order
Export as new Build Order

juhyg Zerg 

Build Orders: Pool First 

Get SALT Encoding   

  12  0:10  Overlord  
  12  0:21  Drone  
  13  0:30  Spawning Pool  
  12  0:38  Drone  
  13  0:43  Drone  
  13  0:44  Drone  
  15  0:52  Drone  
  16  1:02  Drone, Extractor  
  16  1:31  Queen  
  18  1:42  Drone x2  
  18  1:43  Zergling x2  
  21  1:58  Hatchery  
  20  2:15  Lair  
  20  2:24  Extractor  
  20  2:28  Drone  
  20  2:29  Drone x2  
  22  3:16  Hatchery  
  21  3:24  Metabolic Boost  
  21  3:33  Spire  
  20  3:36  Drone x3  
  20  3:37  Queen  
  20  3:40  Queen  
  27  3:46  Extractor  
  26  4:03  Drone x2, Extractor  
  27  4:18  Overlord  
  27  4:19  Overlord  
  27  4:27  Drone  
  27  4:29  Drone  
  30  4:31  Drone  
  30  4:48  Drone x2  
  30  4:49  Drone x4  
  36  4:56  Zerg Flyer Weapons Level 1  
  36  5:22  Drone x2  
  36  5:23  Drone x3  
  41  5:36  Drone x3  
  41  5:37  Drone x4  
  48  6:21  Hydralisk Den  
  48  6:22  Drone x2  
  48  6:29  Mutalisk  
  48  6:31  Overlord x4  
  47  6:49  Mutalisk x4  
  47  6:50  Mutalisk x2  
  59  7:11  Spine Crawler  
Tags
 
Add a new tag
Caveats
  • Supply blocks, unpowered buildings, or Contaminate may cause inaccurate times.
  • Supply counts are checked every 10 seconds.